 Dungeon Crawl Stone Soup version 0.30-a0-776-g08fbeb92c1 (webtiles) character file.

Game seed: 18215513403674649114

305426 M4edhros the Unseen (level 20, 0/176 HPs)
             Began as an Octopode Fighter on Feb 11, 2023.
             Was the Champion of Cheibriados.
             Slain by a titan (30 damage)
             ... on level 5 of the Vaults on Feb 13, 2023.
             The game lasted 02:23:33 (17247 turns).

M4edhros the Unseen (Octopode Fighter)             Turns: 17247, Time: 02:23:34

Health: 0/176      AC: 32    Str: 54    XL:     20   Next: 69%
Magic:  46/51      EV: 27    Int: 24    God:    Cheibriados [******]
Gold:   3687       SH: 23    Dex: 31    Spells: 8/37 levels left

rFire   . . .      SeeInvis +      - Unarmed
rCold   + + .      Faith    .    u - +6 kite shield "Gauciosk" {Harm Fly Int+2}
rNeg    + + +      Spirit   .    l - +1 hat
rPois   ∞          Reflect  .    g - amulet of regeneration
rElec   +          Harm     +    s - ring "Befaetug" {Will+ MP+9 Str+3}
rCorr   .          Rampage  .    k - +6 ring of strength
Will    +++..      Clarity  +    H - +6 ring of strength
Stlth   +++++++++                Z - ring of see invisible
HPRegen 1.29/turn                r - ring of willpower
MPRegen 0.32/turn                P - ring "Leuvegal" {Wiz rN++ Dex+2}
                                 p - ring of the Pariah {rElec rC++ MP+9 Str+3 Int-4}
                                 Y - +4 ring of protection

@: about to teleport, statue-form, flying, very slow
A: slow and powerful, torment resistance 1, boosted hp, almost no armour,
amphibious, 8 rings, camouflage 1, (gelatinous body 1), (nimble swimmer 1),
tentacles, clarity, clumsy 1, strong 1
}: 3/15 runes: decaying, serpentine, silver
a: End Transformation, Renounce Religion, Bend Time, Temporal Distortion,
Slouch, Step From Time


You were on level 5 of the Vaults.
You worshipped Cheibriados.
Cheibriados was exalted by your worship.
You were a living statue of rough stone.
You visited 8 branches of the dungeon, and saw 39 of its levels.
You also visited: Ice Cave.

You collected 5278 gold pieces.
You spent 1591 gold pieces at shops.

Inventory:

Missiles
 a - 13 throwing nets
 n - 6 atropa-tipped darts
 Q - 8 curare-tipped darts (quivered)
Armour
 l - a +1 hat (worn)
 u - the +6 kite shield "Gauciosk" (worn) {Harm Fly Int+2}
   (You acquired it on level 3 of the Elven Halls)

   Int:       It affects your intelligence (+2).
   Fly:       It grants you flight.
   Harm:      It increases damage dealt and taken.
 x - the -1 buckler of Gozag's Inspiration {rF+ Regen+}
   (You took it off an ironbound preserver on level 5 of the Vaults)

   rF:        It protects you from fire.
   Regen:     It increases your rate of health regeneration.
 U - a +3 tower shield of cold resistance
Jewellery
 e - a ring of resist corrosion
 g - an amulet of regeneration (around mantle)
 k - a +6 ring of strength (right tentacle)
 p - the ring of the Pariah (on tentacle) {rElec rC++ MP+9 Str+3 Int-4}
   (You took it off an ironbound preserver on level 5 of the Vaults)

   [ring of magical power]

   Str:       It affects your strength (+3).
   Int:       It affects your intelligence (-4).
   rC:        It greatly protects you from cold.
   rElec:     It insulates you from electricity.
   MP:        It affects your magic capacity (+9).
 r - a ring of willpower (on tentacle)
 s - the ring "Befaetug" (left tentacle) {Will+ MP+9 Str+3}
   (You took it off a vault warden on level 5 of the Vaults)

   [ring of magical power]

   Str:       It affects your strength (+3).
   MP:        It affects your magic capacity (+9).
   Will:      It increases your willpower.
 w - a ring of fire
 y - a ring of protection from cold
 C - a +4 ring of protection
 H - a +6 ring of strength (on tentacle)
 J - a ring of wizardry
 O - a ring of wizardry
 P - the ring "Leuvegal" (on tentacle) {Wiz rN++ Dex+2}
   (You took it off a deep elf sorcerer on level 3 of the Elven Halls)

   [ring of wizardry]

   It improves your spell success rate.
   Dex:       It affects your dexterity (+2).
   rN:        It greatly protects you from negative energy.
 Y - a +4 ring of protection (on tentacle)
 Z - a ring of see invisible (on tentacle)
Wands
 v - a wand of digging (5)
 X - a wand of roots (20)
Scrolls
 b - 2 scrolls of poison
 d - a scroll of vulnerability
 o - 4 scrolls of summoning
 z - 4 scrolls of silence
 E - a scroll of blinking
 K - a scroll of magic mapping
 R - 8 scrolls of teleportation
 V - 6 scrolls of fear
 W - 3 scrolls of fog
Potions
 c - 4 potions of might
 f - 5 potions of ambrosia
 h - 2 potions of heal wounds
 i - 4 potions of resistance
 j - 12 potions of curing
 q - 4 potions of brilliance
 t - 3 potions of mutation
 A - 5 potions of magic
 B - 3 potions of invisibility
 G - 6 potions of attraction
 I - 5 potions of flight
 M - 3 potions of cancellation
 N - 10 potions of lignification
Miscellaneous
 m - a lightning rod (4/4)
 D - a box of beasts
 F - a tin of tremorstones (2/2)
 L - a condenser vane
 S - a phial of floods
 T - a phantom mirror


   Skills:
 - Level 11.7 Fighting
 - Level 3.0 Maces & Flails
 + Level 13.5 Dodging
 - Level 20.0 Stealth
 - Level 15.0 Shields
 - Level 17.9 Unarmed Combat
 + Level 9.0 Spellcasting
 - Level 4.0 Conjurations
 * Level 7.9 Summonings
 - Level 12.2 Transmutations
 - Level 6.0 Ice Magic
 - Level 6.0 Air Magic
 - Level 12.2 Earth Magic
 - Level 6.0 Invocations


You had 8 spell levels left.
You knew the following spells:

 Your Spells              Type           Power      Damage    Failure   Level
a - Summon Guardian Gole  Hex/Summ       29%        N/A       2%          3
b - Freezing Cloud        Conj/Ice/Air   18%        6-21      12%         5
d - Statue Form           Tmut/Erth      41%        N/A       4%          6
e - Summon Lightning Spi  Summ/Air       44%        N/A       2%          4
f - Summon Forest         Summ/Tloc      14%        N/A       22%         5
g - Summon Cactus Giant   Summ           24%        N/A       24%         6

Your spell library contained the following spells:

 Spells                   Type           Power      Damage    Failure   Level
 Foxfire                  Conj/Fire      80%        2x1d8     1%          1
 Freeze                   Ice            100%       1d10      1%          1
 Magic Dart               Conj           100%       1d8       1%          1
 Summon Small Mammal      Summ           100%       N/A       1%          1
 Poisonous Vapours        Pois/Air       50%        N/A       1%          2
 Searing Ray              Conj           60%        2d6       1%          2
 Call Canine Familiar     Summ           48%        N/A       1%          3
 Frozen Ramparts          Ice            78%        1d12      1%          3
 Hailstorm                Conj/Ice       34%        3d9       1%          3
 Ozocubu's Armour         Ice            39%        N/A       1%          3
 Spider Form              Tmut/Pois      40%        N/A       1%          3
 Petrify                  Tmut/Erth      62%        N/A       1%          4
 Cigotuvi's Dreadful Rot  Necr/Pois/Air  40%        N/A       2%          2
 Ignite Poison            Fire/Tmut/Pois 30%        N/A       2%          3
 Summon Ice Beast         Ice/Summ       44%        N/A       2%          4
 Mephitic Cloud           Conj/Pois/Air  26%        N/A       3%          3
 Airstrike                Air            19%        2d(3-19)  3%          4
 Leda's Liquefaction      Hex/Erth       20%        N/A       3%          4
 Dazzling Flash           Conj/Hex       40%        N/A       5%          3
 Kindle Blastsparks       Fire/Tloc/Air  40%        2d13      5%          3
 Blink                    Tloc           20%        N/A       6%          2
 Lesser Beckoning         Tloc           20%        N/A       6%          2
 Alistair's Intoxication  Tmut/Pois      26%        N/A       9%          5
 Yara's Violent Unravell  Hex/Tmut       20%        3d9       9%          5
 Gell's Gravitas          Tloc           10%        N/A       12%         3
 Inner Flame              Hex/Fire       10%        N/A       12%         3
 Portal Projectile        Hex/Tloc       20%        N/A       12%         3
 Teleport Other           Tloc           10%        N/A       12%         3
 Tukima's Dance           Hex            10%        N/A       12%         3
 Lightning Bolt           Conj/Air       17%        1d31      14%         5
 Flame Wave               Conj/Fire      20%        2d7       17%         4
 Fulminant Prism          Conj/Hex       10%        3d9       17%         4
 Sticky Flame             Conj/Fire      20%        2d4       17%         4
 Summon Mana Viper        Hex/Summ       29%        N/A       22%         5
 Dragon Form              Tmut           31%        N/A       22%         7
 Metabolic Englaciation   Hex/Ice        12%        N/A       32%         5
 Silence                  Hex/Air        12%        N/A       32%         5
 Cause Fear               Hex            5%         N/A       36%         4
 Manifold Assault         Tloc           10%        N/A       36%         4
 Olgreb's Toxic Radiance  Pois           10%        N/A       36%         4
 Passage of Golubria      Tloc           10%        N/A       36%         4
 Fireball                 Conj/Fire      10%        3d6       43%         5
 Storm Form               Tmut/Air       26%        N/A       58%         7
 Agony                    Necr           10%        N/A       69%         5
 Starburst                Conj/Fire      10%        6d5       92%         6
 Ozocubu's Refrigeration  Ice            19%        4d11      94%         7
 Dispersal                Tloc           5%         N/A       99%         6
 Borgnjor's Revivificati  Necr           5%         N/A       100%        8
 Ignition                 Fire           5%         3d4       100%        8
 Lehudib's Crystal Spear  Conj/Erth      24%        10d7      100%        8
 Necromutation            Tmut/Necr      20%        N/A       100%        8
 Summon Horrible Things   Summ           24%        N/A       100%        8
 Chain Lightning          Conj/Air       17%        3d22      100%        9
 Death's Door             Necr           5%         N/A       100%        9
 Dragon's Call            Summ           24%        N/A       100%        9
 Fire Storm               Conj/Fire      10%        8d3       100%        9
 Shatter                  Erth           31%        3d25*     100%        9
 Animate Armour           Summ/Erth      Unusable   N/A       N/A         4

Dungeon Overview and Level Annotations

Branches:
Dungeon (15/15)            Temple (1/1) D:4            Lair (5/5) D:11
  Swamp (4/4) Lair:2        Snake (4/4) Lair:2          Orc (2/2) D:10
    Elf (3/3) Orc:2        Vaults (5/5) D:14         Depths (0/4) D:15
  IceCv (visited)
  Slime: Lair:4-5     Crypt: Vaults:2-3

Altars:
Cheibriados
Dithmenos
Elyvilon
Nemelex Xobeh
Okawaru
Qazlal
Ru
Sif Muna
Uskayaw
Wu Jian
The Shining One

Shops:
D:1 !   D:7 !   D:9 !   Orc:2 ([[=   Elf:2 **   Snake:2 (*[**   Vaults:4 :

Portals:
Abyss: Lair:2

Annotations:
D:3 1 runed translucent door, bezhaha's ghost, weakling OgWr
D:7 anet's ghost, novice GrCj
D:10 Urug


Innate Abilities, Weirdness & Mutations

You are a living statue of rough stone.
Your actions are slow, but your melee attacks are powerful.
You are resistant to unholy torment.
Your maximum health is greatly increased.
You are immune to poison.
You cannot wear most types of armour.
You are amphibious.
You can wear up to eight rings at the same time.
Your skin changes colour to match your surroundings (Stealth+).
((Your rubbery body absorbs attacks. (AC +1, EV +1)))
((You are camouflaged when in or above water. (Stealth+)))
You have tentacles for arms and can constrict up to eight enemies at once.
You possess an exceptional clarity of mind.
You are clumsy. (Dex -2)
Your muscles are strong. (Str +4, Int/Dex -1)


Message History

You kill the quicksilver dragon!
Cheibriados thoroughly appreciates the change of pace.
You revert to your normal fleshy form.
The sentinel's mark upon you fades away.
Your Spellcasting skill increases to level 9!
You bludgeon the titan! You tentacle-slap the titan.
The titan is lightly wounded.
The titan hits you!!!
A deep elf death mage comes into view. It is wielding a +0 dagger.
You block the vault sentinel's attack.
Casting: Statue Form (dangerous; 4% risk of failure)
Confirm with . or Enter, or press ? or * to list all spells.
You turn into a living statue of rough stone.
You block the titan's attack.
The vault sentinel blows a loud note on a signal horn!
You hear a shout!
Okay, then.
Unknown command.
Unknown command.
As you read the scroll of teleportation, it crumbles to dust.
You feel strangely unstable.
The titan waves its arms in wide circles.
The air twists around and strikes you!!
A shadow dragon comes into view.
The vault sentinel gestures at you while chanting.
You resist with some effort.
A deep elf high priest comes into view. It is wielding a +0 short sword.
You thrash the titan!!! You squeeze the titan.
The titan is severely wounded.
The titan gestures at you while chanting.
The bolt of lightning misses you.
The vault sentinel gestures at you while chanting.
You resist with some effort. The titan hits you!!
* * * LOW HITPOINT WARNING * * *
A vault sentinel comes into view. It is wielding a +0 morningstar.
You block the vault sentinel's attack.
The ogre mage gestures wildly while chanting.
The ogre mage flickers and vanishes for a moment.
You feel better. The titan hits you!!
You die...

####....).....#.###.##
.##...#).))#.....#...#
.....##)...##.........
.
....###....#.....#...
.. #...###....##.[.##
e.. ##...##....###.##
D.# .##..##....##...##
..#
..#..##....#..)..#..#
).##..#....##...8CO#
#..#..#....###...p..#
#..#..# #........#
#).#..# #.......#e.#
).##..# ##.....###..#
=.#...# ##...## ..
.##...# .^... .
##....# ..p... #.....#
##


You could see a shadow dragon, a titan, a deep elf death mage, an ogre mage
(invisible), 2 vault sentinels and a deep elf high priest.

Vanquished Creatures
  2 ancient liches
  the Lernaean hydra (Swamp:4)
  Vashnia (Snake:4)
  A golden dragon (Vaults:5)
  Mlioglotl (Snake:4)
  A tentacled monstrosity (Vaults:5)
  A titan (Vaults:5)
  A quicksilver dragon (Vaults:5)
  2 deep elf blademasters (Elf:3)
  A deep elf master archer (Elf:3)
  2 sphinxes (Vaults:5)
  3 shadow dragons (Vaults:5)
  2 storm dragons (Vaults:5)
  2 tengu reavers (Vaults:5)
  A fenstrider witch (Swamp:3)
  3 fire giants (Vaults:5)
  4 nagarajas (Snake:4)
  3 frost giants (Vaults:5)
  5 deep elf sorcerers
  8 vault wardens
  An orc warlord (Orc:2)
  An iron dragon (Vaults:5)
  A very ugly thing (Vaults:5)
  3 deep elf elementalists (Elf:3)
  6 ironbound preservers
  3 ironbound thunderhulks
  4 eleionomae (Swamp:3)
  6 deep elf demonologists
  7 deep elf annihilators (Elf:3)
  3 bunyips
  Nessos (Lair:5)
  6 deep elf death magi (Elf:3)
  A crystal guardian (Vaults:1)
  4 ettins (Vaults:5)
  The ghost of zamzamzam the Destroyer, a journeyman HuCj of Qazlal (D:12)
  10 deep elf high priests
  An entropy weaver (Vaults:3)
  8 yaktaur captains
  2 salamander tyrants
  A great orb of eyes (Vaults:2)
  2 ice dragons (D:15)
  2 peacekeepers
  The ghost of crabbyslav the Spear-Bearer, a journeyman GnRe of Kikubaaqudgha (Lair:2)
  Erolcha (Orc:2)
  A rakshasa (Lair:2)
  Harold (D:11)
  A ghost crab (Swamp:2)
  An ironbound frostheart (Vaults:3)
  11 anacondas
  The ghost of Kulleor the Eclecticist, a journeyman DECj of Sif Muna (D:11)
  26 hydras
  Erica (D:11)
  32 vault guards
  3 catoblepae
  2 ogre magi (Vaults:5)
  A two-headed ogre (D:11)
  A centaur warrior (D:12)
  5 boulder beetles
  6 dancing weapons
  9 alligators
  4 death yaks
  A two-headed ogre (shapeshifter) (Vaults:5)
  8 orc high priests
  A hell hog (Lair:2)
  5 shock serpents
  15 naga warriors
  9 deep elf knights
  11 naga sharpshooters
  5 salamander mystics
  4 hell knights (Vaults:5)
  5 goliath frogs
  Lodul (D:11)
  A skyshark (Lair:5)
  6 deep trolls
  3 spriggan druids
  4 deep elf archers
  14 deep elf zephyrmancers
  10 swamp dragons
  19 deep elf pyromancers
  3 ironbound convokers
  A bog body (Swamp:2)
  A wizard (D:13)
  An orc knight (Vaults:5)
  4 naga ritualists
  A necromancer (Vaults:5)
  A swamp dragon (shapeshifter) (Elf:2)
  A phantasmal warrior (Vaults:5)
  5 manticores
  4 mana vipers
  3 orc sorcerers
  3 ugly things
  2 shining eyes (shapeshifter)
  2 cyclopes
  A will-o-the-wisp (Swamp:2)
  14 salamanders
  2 elephants (shapeshifter)
  6 elephants (Lair:2)
  7 naga magi
  8 guardian serpents
  2 vault sentinels
  Joseph (D:7)
  15 black mambas
  3 gargoyles
  24 cane toads
  A cane toad (shapeshifter) (D:8)
  A torpor snail (Lair:4)
  13 kobold demonologists
  4 rime drakes
  An unseen horror (D:12)
  9 komodo dragons
  2 ice devils (Lair:1)
  A freezing wraith (Vaults:5)
  13 yaktaurs
  6 trolls
  A red devil (Lair:2)
  A wind drake (shapeshifter) (Elf:2)
  2 polar bears
  Grinder (D:4)
  9 hornets
  10 tyrant leeches
  A tarantella (Vaults:3)
  26 blink frogs
  12 dream sheep
  4 slime creatures
  6 air elementals
  A shadow (D:11)
  A wyvern (shapeshifter) (Vaults:5)
  11 spriggans
  3 water elementals
  A vampire (D:9)
  4 wyverns
  A wraith (D:8)
  39 yaks
  3 fire elementals
  Grum (D:11)
  15 vampire mosquitoes
  2 basilisks
  2 steam dragons (D:12)
  A death yak simulacrum (IceCv)
  8 humans (D:14)
  A redback (Vaults:3)
  22 nagas
  8 wargs
  Edmund (D:6)
  13 swamp worms
  12 water moccasins
  An acid dragon (D:13)
  7 swamp drakes
  18 orc warriors
  5 sky beasts
  11 ogres
  2 black bears
  10 wolves
  5 boggarts (D:14)
  10 centaurs
  A phantom (D:5)
  9 kobold brigands (D:12)
  A necrophage (D:5)
  19 bullfrogs
  A scorpion (D:5)
  5 gnoll sergeants
  An earth elemental (Elf:3)
  12 wights
  13 killer bees
  An elephant simulacrum (IceCv)
  2 howler monkeys (D:9)
  4 electric eels
  2 gnoll boudas
  A jelly (D:7)
  39 orc priests
  5 hounds
  3 iguanas
  19 orc wizards
  A polar bear simulacrum (IceCv)
  30 gnolls
  7 adders
  2 white imps
  2 worms
  3 dart slugs
  108 orcs
  7 ball pythons
  A bat (D:3)
  7 endoplasms
  4 giant cockroaches
  4 goblins
  6 hobgoblins
  4 jackals (D:5)
  10 kobolds
  6 quokkas
  6 frilled lizards
  3 rats
1156 creatures vanquished.

Vanquished Creatures (collateral kills)
  A vault guard (D:14)
  A hydra (D:13)
  A deep elf zephyrmancer (Elf:1)
  A komodo dragon (Lair:4)
  2 hornets (Lair:2)
  2 blink frogs (Lair:3)
  A human (D:14)
  6 yaks
  A swamp drake (Swamp:3)
  2 wolves (Lair:5)
  2 orcs (Orc:2)
20 creatures vanquished.

Vanquished Creatures (others)
  A fire giant (Vaults:5)
  A boulder beetle (Lair:4)
  An ugly thing (IceCv)
  A black mamba (Lair:4)
  A cane toad (Lair:4)
  A bloated husk (Swamp:3)
  A basilisk (Lair:2)
  4 yaks
  A death yak simulacrum (IceCv)
  A kobold brigand (D:12)
  An orc wizard (Elf:1)
  An orc (Orc:2)
  29 fungi
  112 plants
156 creatures vanquished.

Grand Total: 1332 creatures vanquished

Notes
Turn   | Place    | Note
-------+----------+-------------------------------------------
     0 | D:1      | M4edhros the Octopode Fighter began the quest for the Orb.
     0 | D:1      | Reached XP level 1. HP: 16/16 MP: 1/1
   170 | D:1      | Reached XP level 2. HP: 20/21 MP: 2/2
   350 | D:1      | Found Yzxufili's Distillery.
   484 | D:1      | Found a faded altar of an unknown god.
   717 | D:1      | Prayed at the altar of an unknown god.
   717 | D:1      | Became a worshipper of Cheibriados the Contemplative
   717 | D:1      | Reached * piety under Cheibriados
   942 | D:1      | Bought 2 potions of heal wounds for 110 gold pieces
   956 | D:2      | Reached skill level 1 in Unarmed Combat
   956 | D:2      | Reached XP level 3. HP: 20/26 MP: 3/3
  1096 | D:3      | Noticed an ogre
  1107 | D:2      | Reached XP level 4. HP: 27/31 MP: 4/4
  1315 | D:3      | Reached ** piety under Cheibriados
  1530 | D:3      | Found a runed translucent door.
  1530 | D:3      | Noticed bezhaha's ghost (weakling OgWr)
  1609 | D:3      | Killed an ogre
  1610 | D:3      | Reached XP level 5. HP: 36/36 MP: 5/5
  1724 | D:4      | Reached skill level 5 in Unarmed Combat
  1785 | D:4      | Reached XP level 6. HP: 42/42 MP: 6/6
  1802 | D:4      | Noticed Grinder
  1814 | D:4      | Killed Grinder
  1814 | D:4      | Reached *** piety under Cheibriados
  1815 | D:4      | Reached XP level 7. HP: 24/46 MP: 7/7
  1958 | D:4      | Found a staircase to the Ecumenical Temple.
  1967 | Temple   | Entered the Ecumenical Temple
  2059 | D:5      | Entered Level 5 of the Dungeon
  2213 | D:5      | Reached XP level 8. HP: 52/52 MP: 8/8
  2344 | D:5      | Reached **** piety under Cheibriados
  2841 | D:6      | Reached skill level 10 in Unarmed Combat
  3011 | D:6      | Noticed Edmund
  3021 | D:6      | Killed Edmund
  3022 | D:6      | Reached XP level 9. HP: 35/56 MP: 9/9
  3112 | D:7      | Found Erhilarr's Distillery.
  3126 | D:7      | Bought a potion of might for 52 gold pieces
  3126 | D:7      | Bought a potion of heal wounds for 65 gold pieces
  3164 | D:7      | Noticed anet's ghost (novice GrCj)
  3186 | D:7      | Reached ***** piety under Cheibriados
  3208 | D:7      | Noticed a manticore
  3251 | D:7      | Reached skill level 1 in Stealth
  3266 | D:7      | Noticed Joseph
  3274 | D:7      | Killed Joseph
  3275 | D:7      | Reached skill level 2 in Stealth
  3319 | D:7      | Reached skill level 3 in Stealth
  3529 | D:8      | Reached skill level 5 in Dodging
  3529 | D:8      | Reached skill level 4 in Stealth
  3555 | D:8      | Reached XP level 10. HP: 65/65 MP: 10/10
  3569 | D:8      | Found a shadowy altar of Dithmenos.
  3570 | D:8      | Found a stormy altar of Qazlal.
  3617 | D:8      | Noticed a green ugly thing
  3617 | D:8      | Noticed a cane toad
  3617 | D:8      | Noticed a brown ugly thing
  3634 | D:8      | Noticed a kobold demonologist
  3635 | D:8      | Noticed a seven-headed hydra
  3636 | D:8      | Killed a cane toad
  3637 | D:8      | Reached skill level 1 in Invocations
  3642 | D:8      | Killed a kobold demonologist
  3643 | D:8      | Reached skill level 5 in Stealth
  3643 | D:8      | Killed a brown ugly thing
  3644 | D:8      | Reached skill level 5 in Fighting
  3645 | D:8      | Killed a seven-headed hydra
  3645 | D:8      | Identified the +10 short sword of the Extremely Mad {spect,
                  | rPois rF+ SInv}
  3646 | D:8      | Reached skill level 5 in Shields
  3646 | D:8      | Noticed a manticore
  3649 | D:8      | Killed a green ugly thing
  3650 | D:8      | Reached skill level 6 in Stealth
  3702 | D:8      | Killed a manticore
  3836 | D:8      | Found the +10 Black Knight's barding {ponderous, rPois rN+}
  3838 | D:8      | Identified the amulet of Xiewk {Acrobat Dex+2}
  3840 | D:8      | Identified the +1 robe "Sial" {Int+4 SInv}
  3937 | D:9      | Reached skill level 5 in Invocations
  3979 | D:9      | Reached skill level 7 in Stealth
  3985 | D:9      | Reached XP level 11. HP: 50/72 MP: 14/14
  4187 | D:9      | Found Plog's Distillery.
  4190 | D:9      | Bought a potion of heal wounds for 55 gold pieces
  4190 | D:9      | Bought a potion of heal wounds for 55 gold pieces
  4190 | D:9      | Bought a potion of heal wounds for 55 gold pieces
  4190 | D:9      | Bought a potion of heal wounds for 55 gold pieces
  4190 | D:9      | Bought a potion of attraction for 33 gold pieces
  4336 | D:10     | Entered Level 10 of the Dungeon
  4463 | D:10     | Reached skill level 8 in Stealth
  4522 | D:10     | Found a staircase to the Orcish Mines.
  4581 | D:10     | Noticed Urug
  4642 | D:10     | Found a sparkling altar of Nemelex Xobeh.
  4678 | D:10     | Identified the +5 scale mail of Maolyarr {Will+ Regen+}
  4693 | D:10     | Reached ****** piety under Cheibriados
  4806 | D:10     | Reached skill level 9 in Stealth
  4930 | D:11     | Noticed Grum
  4940 | D:11     | Killed Grum
  4982 | D:11     | Noticed Lodul
  4986 | D:11     | Reached skill level 10 in Stealth
  4990 | D:11     | Killed Lodul
  5016 | D:11     | Found a runed translucent door.
  5018 | D:11     | Noticed Kulleor's ghost (journeyman DECj)
  5018 | D:11     | Identified the +10 trident of the Special Knives {heavy,
                  | Fly Str+3}
  5025 | D:11     | Noticed a boulder beetle
  5040 | D:11     | Killed a boulder beetle
  5041 | D:11     | Reached skill level 11 in Stealth
  5208 | D:11     | Noticed a two-headed ogre
  5211 | D:11     | Reached XP level 12. HP: 81/81 MP: 16/16
  5219 | D:11     | Killed a two-headed ogre
  5220 | D:11     | Reached skill level 12 in Stealth
  5295 | D:11     | Noticed Erica
  5306 | D:11     | Killed Erica
  5336 | D:11     | Noticed Harold
  5402 | D:11     | Killed Harold
  5403 | D:11     | Reached skill level 13 in Stealth
  5605 | D:12     | Learned a level 3 spell: Summon Guardian Golem
  5611 | D:12     | Learned a level 5 spell: Freezing Cloud
  5619 | D:12     | Learned a level 3 spell: Call Canine Familiar
  5619 | D:12     | Upgraded the game from 0.30-a0-760-g5a9884bb7c to
                  | 0.30-a0-765-g3161bf10a1
  5757 | D:12     | Found a runed translucent gate.
  5757 | D:12     | Found a runed translucent gate.
  5757 | D:12     | Found a runed translucent gate.
  5811 | D:12     | Noticed zamzamzam's ghost (journeyman HuCj)
  5811 | D:12     | Identified the +2 leather armour of Okawaru's Grace {Int+3
                  | Stlth+}
  5825 | D:12     | Reached skill level 1 in Summonings
  5827 | D:12     | Reached skill level 1 in Conjurations
  5827 | D:12     | Reached skill level 1 in Ice Magic
  5827 | D:12     | Reached skill level 1 in Air Magic
  5829 | D:12     | Reached skill level 14 in Stealth
  5831 | D:12     | Killed zamzamzam's ghost
  6129 | D:13     | Reached XP level 13. HP: 84/88 MP: 17/17
  6220 | D:13     | Found an ornate altar of the Wu Jian Council.
  6440 | Orc:1    | Entered Level 1 of the Orcish Mines
  6510 | Orc:2    | Entered Level 2 of the Orcish Mines
  6569 | Orc:2    | Noticed an orc warlord
  6583 | Orc:2    | Killed an orc warlord
  6620 | Orc:2    | Found a staircase to the Elven Halls.
  6726 | Orc:2    | Noticed Erolcha
  6798 | Orc:1    | Reached skill level 5 in Summonings
  6940 | Orc:1    | Paralysed by an orc sorcerer for 4 turns
  7209 | Orc:2    | Reached skill level 15 in Stealth
  7222 | Orc:2    | Found Ziklaiporenn's Weapon Emporium.
  7222 | Orc:2    | Found Amiqaine's Antique Armour Shop.
  7303 | Orc:2    | Reached skill level 1 in Spellcasting
  7304 | Orc:2    | Found Nad Tef's Armour Emporium.
  7304 | Orc:2    | Found Pattie Urue's Jewellery Shop.
  7340 | Orc:2    | Bought an amulet of regeneration for 330 gold pieces
  7340 | Orc:2    | Bought a ring of wizardry for 330 gold pieces
  7501 | D:9      | Bought a potion of curing for 33 gold pieces
  7501 | D:9      | Bought 2 potions of magic for 176 gold pieces
  7994 | D:11     | Identified the +1 ring mail of Marbles {rN+}
  8026 | D:11     | Killed Kulleor's ghost
  8141 | D:11     | Found a staircase to the Lair.
  8158 | Lair:1   | Entered Level 1 of the Lair of Beasts
  8335 | Lair:1   | Reached XP level 14. HP: 94/94 MP: 17/19
  8344 | Lair:1   | Learned a level 6 spell: Statue Form
  8391 | Lair:1   | Reached skill level 16 in Stealth
  8439 | Lair:1   | Found a frozen archway.
  8446 | Lair:1   | Reached skill level 10 in Dodging
  8446 | Lair:1   | Reached skill level 1 in Earth Magic
  8449 | Lair:1   | Reached skill level 1 in Transmutations
  8455 | IceCv    | Entered an ice cave
  8482 | IceCv    | Found a transporter.
  8496 | IceCv    | Found a transporter.
  8559 | Lair:2   | Found a staircase to the Swamp.
  8587 | Lair:2   | Found a transporter.
  8605 | Lair:2   | Found a transporter.
  8624 | Lair:2   | Identified the +0 flail of Zufacif {vamp, rElec}
  8675 | Lair:5   | Entered Level 5 of the Lair of Beasts
  9036 | Lair:2   | Found a staircase to the Snake Pit.
  9154 | Lair:2   | Reached skill level 17 in Stealth
  9291 | Lair:2   | Paralysed by a hornet for 3 turns
  9380 | Lair:2   | Reached skill level 5 in Earth Magic
  9507 | Lair:4   | Reached skill level 10 in Shields
  9507 | Lair:4   | Reached skill level 5 in Transmutations
  9868 | Lair:4   | Reached XP level 15. HP: 93/99 MP: 13/20
 10083 | Lair:5   | Reached skill level 18 in Stealth
 10091 | Lair:5   | Noticed Nessos
 10120 | Lair:5   | Killed Nessos
 10197 | Lair:5   | Gained mutation: Your magical capacity is low. (-10% MP)
                  | [mutagenic glow]
 10580 | Lair:5   | Found an ornate altar of the Wu Jian Council.
 10581 | Lair:5   | Found a hide-covered altar of Uskayaw.
 10639 | Lair:5   | Reached skill level 15 in Unarmed Combat
 10721 | Lair:2   | Noticed crabbyslav's ghost (journeyman GnRe)
 10730 | Lair:2   | Killed crabbyslav's ghost
 10736 | Lair:2   | Found a one-way gate to the infinite horrors of the Abyss.
 10827 | Lair:2   | You fall into a shaft and drop 2 floors!
 10879 | Lair:2   | Identified a scroll of acquirement
 10880 | Lair:2   | Acquired a book of Storms
 10970 | Snake:1  | Entered Level 1 of the Snake Pit
 11298 | Snake:1  | Identified the +7 mace "Moehogus" {flame, Drain rPois rF++
                  | rN+++}
 11360 | Snake:2  | Reached XP level 16. HP: 105/105 MP: 6/18
 11378 | Snake:2  | Found Jagoda's General Store.
 11378 | Snake:2  | Found Qyonak Onek's Antique Weapon Shoppe.
 11380 | Snake:2  | Found Izuamos's Antique Armour Emporium.
 11382 | Snake:2  | Found Kaak's General Store.
 11394 | Snake:2  | Bought a scroll of identify for 28 gold pieces
 11398 | Snake:2  | Bought a potion of might for 64 gold pieces
 11398 | Snake:2  | Bought a potion of heal wounds for 80 gold pieces
 11501 | Snake:2  | Found Fisost's General Store.
 11505 | Snake:2  | Bought a scroll of identify for 28 gold pieces
 11505 | Snake:2  | Bought a potion of curing for 42 gold pieces
 11585 | Snake:4  | Entered Level 4 of the Snake Pit
 11589 | Snake:4  | Reached skill level 10 in Earth Magic
 11593 | Snake:4  | Reached skill level 10 in Transmutations
 11844 | Snake:3  | Learned a level 4 spell: Summon Lightning Spire
 12210 | Snake:4  | Noticed a nagaraja
 12213 | Snake:4  | Killed a nagaraja
 12224 | Snake:4  | Noticed Mlioglotl
 12225 | Snake:4  | Noticed a nagaraja
 12233 | Snake:4  | Killed a nagaraja
 12234 | Snake:4  | Killed Mlioglotl
 12256 | Snake:4  | Noticed a nagaraja
 12261 | Snake:4  | Killed a nagaraja
 12308 | Snake:4  | Noticed Vashnia
 12308 | Snake:4  | Noticed a nagaraja
 12457 | Snake:4  | Killed a nagaraja
 12461 | Snake:4  | Reached XP level 17. HP: 109/109 MP: 2/19
 12534 | Snake:4  | Killed Vashnia
 12535 | Snake:4  | Reached skill level 19 in Stealth
 12604 | Snake:4  | Got a serpentine rune of Zot
 12803 | Swamp:1  | Entered Level 1 of the Swamp
 13229 | Swamp:4  | Entered Level 4 of the Swamp
 13364 | Swamp:4  | Noticed the 27-headed Lernaean hydra
 13501 | Swamp:4  | Killed the 27-headed Lernaean hydra
 13525 | Swamp:4  | Reached skill level 20 in Stealth
 13609 | Swamp:4  | Got a decaying rune of Zot
 13767 | Swamp:1  | Reached XP level 18. HP: 119/119 MP: 20/20
 14061 | Orc:2    | Killed Erolcha
 14084 | Elf:1    | Entered Level 1 of the Elven Halls
 14342 | Elf:3    | Entered Level 3 of the Elven Halls
 14345 | Elf:3    | Paralysed by an air elemental for 1 turns
 14400 | Elf:3    | Reached skill level 10 in Fighting
 14445 | Elf:3    | Upgraded the game from 0.30-a0-765-g3161bf10a1 to
                  | 0.30-a0-776-g08fbeb92c1
 14453 | Elf:3    | Noticed a deep elf blademaster
 14459 | Elf:3    | Killed a deep elf blademaster
 14460 | Elf:3    | Noticed a Brimstone Fiend
 14461 | Elf:3    | Noticed a deep elf blademaster
 14463 | Elf:3    | Noticed a deep elf master archer
 14468 | Elf:3    | Identified the +9 long sword of Distant Worlds {protect,
                  | Fly rC+ rN+ Dex+2}
 14474 | Elf:3    | Killed a deep elf blademaster
 14475 | Elf:3    | Noticed a Brimstone Fiend
 14476 | Elf:3    | Killed a deep elf master archer
 14481 | Elf:3    | Noticed an Ice Fiend
 14489 | Elf:3    | Noticed a Brimstone Fiend
 14501 | Elf:3    | Paralysed by an air elemental for 1 turns
 14523 | Elf:3    | Identified the ring "Leuvegal" {Wiz rN++ Dex+2}
 14533 | Elf:3    | Reached skill level 5 in Ice Magic
 14539 | Elf:3    | Reached skill level 5 in Air Magic
 14672 | Elf:3    | Identified the +6 fire dragon scales of the Heavens {*Slow
                  | rPois rF++ rC- Int+2}
 14733 | Elf:3    | Identified the +0 leather armour of Byn Feu {rF- rC- Str+6
                  | Slay+2}
 14734 | Elf:3    | Acquired the +6 kite shield "Gauciosk" {Harm Fly Int+2}
 14807 | Elf:2    | Found Qisece's General Store.
 14820 | Elf:2    | Paralysed by an air elemental for 1 turns
 14832 | Elf:2    | Gained mutation: You occasionally lose the ability to read
                  | scrolls when taking damage. [a shining eye]
 14866 | Elf:2    | Found Raseuryt's Mayhem Merchandise.
 14973 | Elf:1    | Got the Dissertation on Leadership
 15320 | D:12     | Reached XP level 19. HP: 127/127 MP: 18/22
 15541 | D:14     | Identified the +8 trident of Nightmares {heavy, *Rage rC+
                  | Int+5 Dex+3}
 15732 | D:14     | You are sucked into a shaft and drop 1 floor!
 15732 | D:15     | Entered Level 15 of the Dungeon
 15763 | D:15     | Found a staircase to the Depths.
 16109 | D:14     | Identified the +4 pair of gloves of Immorality {rC+ Str+3
                  | Dex+3 SInv}
 16157 | D:14     | Found a gate to the Vaults.
 16172 | Vaults:1 | Entered Level 1 of the Vaults
 16246 | Vaults:2 | Learned a level 5 spell: Summon Forest
 16262 | Vaults:2 | Reached skill level 5 in Spellcasting
 16332 | Vaults:3 | Lost mutation: Your magical capacity is low. (-10% MP)
                  | [potion of mutation]
 16332 | Vaults:3 | Lost mutation: You occasionally lose the ability to read
                  | scrolls when taking damage. [potion of mutation]
 16332 | Vaults:3 | Gained mutation: You possess an exceptional clarity of
                  | mind. [potion of mutation]
 16332 | Vaults:3 | Gained mutation: You are clumsy. (Dex -2) [potion of
                  | mutation]
 16332 | Vaults:3 | Gained mutation: Your muscles are strong. (Str +4, Int/Dex
                  | -1) [potion of mutation]
 16427 | Vaults:3 | You are sucked into a shaft and drop 1 floor!
 16428 | Vaults:4 | Found Uper's Book Boutique.
 16440 | Vaults:5 | Entered Level 5 of the Vaults
 16444 | Vaults:5 | Noticed an ancient lich
 16447 | Vaults:5 | Noticed an ancient lich
 16635 | Vaults:4 | Killed an ancient lich
 16672 | Vaults:5 | Killed an ancient lich
 16673 | Vaults:5 | Reached skill level 15 in Shields
 16768 | Vaults:5 | Reached XP level 20. HP: 132/135 MP: 30/30
 16842 | Vaults:5 | Got a silver rune of Zot
 16859 | Vaults:5 | Learned a level 6 spell: Summon Cactus Giant
 17063 | Vaults:5 | Identified the ring "Befaetug" {Will+ MP+9 Str+3}
 17070 | Vaults:5 | Identified the +5 mace of Oxuomusm {elec, rN+}
 17072 | Vaults:5 | Noticed a golden dragon
 17076 | Vaults:5 | Killed a golden dragon
 17093 | Vaults:5 | Identified the +7 rapier "Koereeje" {flame, rN+}
 17101 | Vaults:5 | Identified the +7 falchion "Awial" {chaos, MP+9}
 17101 | Vaults:5 | Identified the -1 buckler of Gozag's Inspiration {rF+
                  | Regen+}
 17101 | Vaults:5 | Identified the ring of the Pariah {rElec rC++ MP+9 Str+3
                  | Int-4}
 17134 | Vaults:5 | Identified the ring "Seqo" {Ice Dex+3}
 17144 | Vaults:5 | Got Sif Muna's Commentary on Frigorific Toxicity
 17247 | Vaults:5 | Slain by a titan

Illustrated notes

Levels and vault maps discovered:
D:1:      doesnt_arrival_eight_statues, layout_basic,
          shapermc_ecumenical_altar_mp_ritualfount, serial_shops, shop
D:2:      layout_loops_ring
D:3:      layout_basic, serial_glass, glass_columns_a, glass_columns_a,
          gammafunk_ghost_grave
D:4:      layout_gridville, minmay_temple_entry_antechambers, uniq_grinder
D:5:      layout_gridville
D:6:      layout_cave_pods, serial_column_ruins, column_ruins_square_small,
          column_ruins_circle_small, column_ruins_grid_1,
          column_ruins_open_tiny, column_ruins_corridor_plus,
          column_ruins_open_tiny, uniq_edmund
D:7:      layout_rooms, gammafunk_ghost_icy, serial_shops, nicolae_diamond_shop,
          lightli_corner_chamber, uniq_joseph
D:8:      minmay_the_grid_triangle_9x9_recursive_2
          [minmay_the_grid_triangle_9x9_prize_schism,
          minmay_the_grid_triangle_9x9_minimal,
          minmay_the_grid_triangle_9x9_descending_squares,
          minmay_the_grid_triangle_9x9_windchime], layout_cave_pools,
          mainiacjoe_overflow_divided_tiny, nicolae_grassy_gnolls
D:9:      layout_loops_cross, serial_shops, kennysheep_mini_moat
D:10:     layout_irregular_city, nemelex_spade_bored_becter, hiddenorc1_lemuel,
          uniq_urug
D:11:     layout_gridville, david_lair_shrubbed, ebering_ghost_funeral_grove,
          uniq_harold, uniq_grum, uniq_erica, uniq_lodul
D:12:     layout_long_grid, gammafunk_ghost_nasty_kobolds, hangedman_misty_isle
D:13:     layout_roguey, nzn_wu_jian_contemplation
D:14:     layout_long_grid, ximxim_vaults_locker_room, bh_walls_and_bars,
          serial_shops, nicolae_shop_trees, minivault_23, minmay_holes
D:15:     grunt_enter_depths_hoard, layout_basic, chequers_serial_rivers_small_a
Temple:   nicolae_temple_bog_church
Lair:1:   layout_regular_city, portal_ice_cave_demonic_guard,
          hangedman_tree_tricks, serial_bayou_pond_b,
          eino_small_chamber_without_monster, grunt_megastairs_5
Lair:2:   cheibrodos_lair_overgrown_chateau, layout_cave_pods, swamp_mist,
          dummy_snake_entry, gammafunk_ghost_abyssal_escape, uniq_fannar
Lair:3:   layout_loops_ring, st_stairs_6, grunt_megastairs_3
Lair:4:   nzn_winding_woodlands_stair_cross
          [nzn_winding_woodlands_5x15_concentric,
          nzn_winding_woodlands_center_diamonds,
          nzn_winding_woodlands_5x15_garden, nzn_winding_woodlands_5x5_cross,
          nzn_winding_woodlands_5x5_closed_star,
          nzn_winding_woodlands_5x15_pool,
          nzn_winding_woodlands_center_pierced_h,
          nzn_winding_woodlands_5x15_eye], layout_long_grid,
          minmay_slime_entry_oklob_enclosed, minivault_24, st_stairs_3,
          chequers_serial_rivers_large_a, lemuel_old_faithful
Lair:5:   minmay_lair_end_frog_pond, layout_long_grid,
          nzn_masters_of_martial_movement, infiniplex_staircase_pool,
          uniq_nessos
Swamp:1:  layout_basic_swamp, serial_swamp_ruin, evilmike_swamp_ruin_house_6,
          evilmike_swamp_ruin_rubble_2, evilmike_swamp_ruin_house_4,
          nicolae_swamp_spriggan_camp
Swamp:2:  layout_basic_swamp, evilmike_swamp_ruin_house_3, swamp_pool1,
          nicolae_swamp_soggy_hallways, infiniplex_staircase_pool_2
Swamp:3:  layout_falls_marsh, nicolae_swamp_decorative_isthmus,
          nicolae_swamp_bean_lake
Swamp:4:  swamp_old_school, layout_basic_swamp
Snake:1:  layout_rooms
Snake:2:  layout_misc_corridors, serial_shops, shop, minmay_shoptagon,
          uniq_aizul, uniq_azrael
Snake:3:  kennysheep_six_static_rooms, layout_chambers
Snake:4:  grunt_snake_rune_serpentine_throne, layout_gridlike, uniq_mlioglotl
Orc:1:    layout_caves, mines4_lemuel
Orc:2:    st_orc_town, layout_diamond_mine, uniq_erolcha
Elf:1:    elf_arrival_002, layout_loops_corners, minmay_elf_demonology,
          abandoned_shop, grunt_megastairs_4
Elf:2:    elven_hall_of_blades_hangedman_original [nicolae_blade_bullseye],
          layout_gridlike, serial_shops, shop_coins, minmay_shop_mayhem,
          uniq_roxanne
Elf:3:    minmay_elf_hall_not_hex, layout_gridlike
Vaults:1: hangedman_vaults_slither, dpeg_vaults_monster_box,
          ontoclasm_vaults_hangar, v_misc_30, layout_vaults_big_room
Vaults:2: hangedman_vaults_nodes, v_misc_14, v_misc_16, ontoclasm_vaults_spin,
          vaults_mumra_hex, ontoclasm_vaults_ring_large, vaults_room_hallway,
          nicolae_vaults_alarming, nicolae_vaults_stairing_the_circle,
          gammafunk_sealed_arena, v_alt_pattern_5, v_misc_13, v_misc_19,
          vaults_dpeg_hooks, nicolae_vaults_big_angled_halls,
          nicolae_vaults_theta, nicolae_vaults_little_squares_2,
          vaults_room_stairs_pillars, layout_vaults_maze, uniq_margery,
          uniq_asterion, uniq_jory
Vaults:3: v_pattern_4, ontoclasm_vaults_twist, nicolae_vaults_network_quincunx
          [nicolae_vaults_network_quincunx_subvault,
          nicolae_vaults_network_quincunx_subvault,
          nicolae_vaults_network_quincunx_subvault,
          nicolae_vaults_network_quincunx_subvault,
          nicolae_vaults_network_quincunx_subvault], v_misc_11,
          grunt_vaults_hallway_long, st_octagons_2,
          nicolae_vaults_network_periphery, v_misc_5,
          nicolae_vaults_ring_of_whatevers, minmay_crypt_entry_simple_statues,
          vaults_room_stairs_pillars, v_misc_16, layout_vaults_omnicross,
          uniq_saint_roka
Vaults:4: dpeg_vaults_monster_row, v_misc_33, v_misc_30, v_misc_4, v_pattern_2,
          v_misc_11, vaults_dpeg_ring, vaults_mumra_chevron_long,
          ontoclasm_vaults_ligature, nicolae_vaults_little_squares_3, v_misc_19,
          layout_vaults_ring, serial_shops, shop, nicolae_shop_behind_doors,
          shop_statue, nicolae_shop_competitors_out_of_business
Vaults:5: serial_shops

Skill      XL: |  1  2  3  4  5  6  7  8  9 10 11 12 13 14 15 16 17 18 19 20 |
---------------+-------------------------------------------------------------+-----
Maces & Flails | 3 |  3.0
Unarmed Combat | 1 2 4 5 6 8 10 11 12 14 15 16 17 | 17.9
Stealth        | 4 7 11 14 15 17 18 20 | 20.0
Dodging        | 5 6 8 9 10 11 12 13 | 13.5
Fighting       | 4 5 7 8 9 10 11 | 11.7
Shields        | 4 5 7 8 9 10 12 14 15 | 15.0
Invocations    | 5 6 |  6.0
Summonings     | 3 5 7 |  7.9
Conjurations   | 2 3 4 |  4.0
Ice Magic      | 2 4 5 6 |  6.0
Air Magic      | 2 4 5 6 |  6.0
Spellcasting   | 3 4 7 9 |  9.0
Earth Magic    | 6 9 12 | 12.2
Transmutations | 5 9 12 | 12.2

Action                     |  1- 3 |  4- 6 |  7- 9 | 10-12 | 13-15 | 16-18 | 19-21 || total
---------------------------+-------+-------+-------+-------+-------+-------+-------++-------
  Melee: Flail             |    45 |    56 |       |       |       |       |       ||   101
         Constrict         |    13 |    15 |    42 |    68 |   141 |    82 |    39 ||   400
         Tentacles         |     8 |     6 |    43 |    85 |   168 |   146 |    76 ||   532
         Punch             |     1 |     2 |    11 |    33 |    72 |    63 |    34 ||   216
         Unarmed           |       |       |   169 |   314 |   678 |   536 |   257 ||  1954
  Throw: Dart              |       |       |     2 |    11 |     8 |       |       ||    21
         Boomerang         |       |       |       |       |       |     1 |       ||     1
   Cast: Call Canine Famil |       |       |       |       |    53 |     4 |       ||    57
         Summon Guardian G |       |       |       |       |    21 |     3 |       ||    24
         Statue Form       |       |       |       |       |     8 |    82 |    39 ||   129
         Summon Lightning  |       |       |       |       |       |    28 |     4 ||    32
         Freezing Cloud    |       |       |       |       |       |     9 |     8 ||    17
 Invoke: Slouch            |       |       |       |     5 |    11 |     4 |     6 ||    26
         Temporal Distorti |       |       |       |       |       |       |     1 ||     1
  Evoke: Wand              |       |     7 |     9 |    11 |    11 |     2 |       ||    40
         Condenser vane    |       |       |       |     1 |     2 |       |       ||     3
         Phantom mirror    |       |       |       |       |       |     1 |       ||     1
    Use: Potion            |       |       |     1 |     8 |     9 |     4 |     2 ||    24
         Scroll            |       |       |    15 |     3 |    10 |    15 |     8 ||    51
   Stab: Sleeping          |     8 |     1 |     4 |     6 |    14 |    18 |     4 ||    55
         Invisible         |       |       |     1 |     3 |       |       |       ||     4
         Distracted        |       |       |       |       |     9 |    11 |     3 ||    23
         Petrified         |       |       |       |       |     2 |       |       ||     2
         Petrifying        |       |       |       |       |     1 |       |       ||     1
         Confused          |       |       |       |       |     6 |     3 |       ||     9
 Armour: Skin              |     3 |     5 |     4 |     6 |    81 |   393 |   101 ||   593
  Dodge: Dodged            |    23 |    40 |    64 |   149 |   449 |   745 |   219 ||  1689
  Block: Buckler           |     2 |    27 |    76 |       |       |       |       ||   105
         Reflection        |       |       |     7 |    24 |     4 |       |       ||    35
         Kite shield       |       |       |    19 |   309 |   644 |   779 |   418 ||  2169

Table legend: (Time is in decaauts)
 A = Elapsed time spent in this place.
 B = Non-inter-level travel time spent in this place.
 C = Inter-level travel time spent in this place.
 D = Time resting spent in this place.
 E = Time spent auto-exploring this place.
 F = Levels seen in this place.
 G = Mean time per level.
                   A        B        C        D        E       F      G
               +--------+--------+--------+--------+--------+-----+--------+
         Total |  31685 |  27134 |   4551 |    278 |   1281 |  40 |  792.1 |
       Dungeon |  13408 |  11398 |   2010 |    262 |   1281 |  15 |  893.9 |
        Temple |      1 |      1 |      0 |      0 |      0 |   1 |    1.0 |
          Lair |   5018 |   3980 |   1038 |      0 |      0 |   5 | 1003.6 |
         Swamp |   2567 |   2300 |    267 |      0 |      0 |   4 |  641.8 |
     Snake Pit |   3850 |   3279 |    571 |     16 |      0 |   4 |  962.5 |
  Orcish Mines |   2199 |   1891 |    308 |      0 |      0 |   2 | 1099.5 |
   Elven Halls |   2258 |   2065 |    193 |      0 |      0 |   3 |  752.7 |
        Vaults |   2299 |   2138 |    161 |      0 |      0 |   5 |  459.8 |
      Ice Cave |     81 |     81 |      0 |      0 |      0 |   1 |   81.0 |
               +--------+--------+--------+--------+--------+-----+--------+

Top non-repeatable levels by time:
    D:11: 1580 daAuts
  Lair:2: 1569 daAuts
 Snake:4: 1508 daAuts
   Orc:2: 1418 daAuts
    D:10: 1293 daAuts
  Lair:4: 1271 daAuts
     D:8: 1261 daAuts
    D:12: 1143 daAuts
     D:9: 1137 daAuts
Vaults:5: 1110 daAuts
 Swamp:4: 1035 daAuts
    D:14: 1034 daAuts
 Snake:3: 1031 daAuts
   Elf:1: 994 daAuts
   Elf:3: 923 daAuts
